 Dungeon Crawl Stone Soup version 0.30-a0-250-g41c1d76940 (console) character file.

Game seed: 5526214987952104178

10840 jejorda2 the Impaler (level 11, -4/80 (81) HPs)
             Began as a Merfolk Berserker on Oct 12, 2022.
             Was an Elder of Trog.
             Slain by a sun demon (13 damage)
             ... summoned by a kobold demonologist
             ... on level 10 of the Dungeon.
             The game lasted 00:24:18 (10873 turns).

jejorda2 the Impaler (Merfolk Berserker)           Turns: 10873, Time: 00:24:19

HP:   -4/80 (81)    AC: 17    Str: 22    XL:     11   Next: 68%
MP:   11/11         EV: 12    Int:  7    God:    Trog [****..]
Gold: 485           SH:  0    Dex:  9    Spells: 10/10 levels left

rFire   . . .      SeeInvis +    a - +4 glaive
rCold   + + +      Faith    +    (shield currently unavailable)
rNeg    + . .      Spirit   .    H - +5 scale mail of Intuition {+Inv rC+++ Dex-4}
rPois   .          Reflect  .    g - +0 helmet
rElec   .          Harm     .    C - +1 cloak {Will+}
rCorr   .          Rampage  .    (no gloves)
Will    +++..                    r - +0 pair of boots
Stlth   ..........               v - amulet of faith
HPRegen 1.33/turn                p - ring of positive energy
MPRegen 0.12/turn                f - ring of see invisible

@: lethally poisoned (-4 -> -5), about to teleport, strong-willed, regenerating,
lightly drained
A: (nimble swimmer 2), mertail
a: Renounce Religion, Evoke Invisibility, Berserk, Trog's Hand, Brothers in Arms


You were on level 10 of the Dungeon.
You worshipped Trog.
Trog was greatly pleased with you.
You visited 1 branch of the dungeon, and saw 10 of its levels.
You also visited: Bailey.

You collected 1005 gold pieces.
You spent 520 gold pieces at shops.

Inventory:

Hand Weapons
 a - a +4 glaive (weapon)
 b - a +1 scythe of flaming
Missiles
 i - 89 stones
 j - 6 boomerangs
 k - 2 boomerangs of dispersal
 o - 30 poisoned darts (quivered)
 F - 6 curare-tipped darts
Armour
 g - a +0 helmet (worn)
 r - a +0 pair of boots (worn)
 C - a +1 cloak of willpower (worn)
 H - the +5 scale mail of Intuition (worn) {+Inv rC+++ Dex-4}
   (You found it in a bailey)

   Dex:       It affects your dexterity (-4).
   rC:        It renders you almost immune to cold.
   +Inv:      It lets you turn invisible.
 I - +2 fire dragon scales
Jewellery
 f - a ring of see invisible (right hand)
 p - a ring of positive energy (left hand)
 v - an amulet of faith (around neck)
Wands
 l - a wand of iceblast (1)
 x - a wand of paralysis (11)
Scrolls
 h - a scroll of magic mapping
 n - 3 scrolls of teleportation
 t - a scroll of poison
 y - a scroll of fear
 E - a scroll of immolation
Potions
 c - 2 potions of ambrosia
 d - 5 potions of cancellation
 e - 4 potions of haste
 m - 2 potions of lignification
 q - a potion of might
 s - a potion of flight
 u - 4 potions of heal wounds
 w - a potion of brilliance {unknown}
 z - a potion of invisibility {unknown}
 A - a potion of degeneration {unknown}
 B - 8 potions of curing
 D - a potion of attraction {unknown}


   Skills:
 - Level 6.0 Fighting
 * Level 18.3 Polearms
 - Level 2.5 Throwing
 - Level 6.0 Armour
 - Level 9.0 Dodging


You had 10 spell levels left.
You didn't know any spells.
Your spell library was empty.

Dungeon Overview and Level Annotations

Branches:
Dungeon (10/15)            Temple (0/1) D:7            Lair (0/5) D:8
 Bailey (visited)
    Orc: D:9-12

Altars:
Dithmenos
Elyvilon
Fedhas
Gozag
Hepliaklqana
Kikubaaqudgha
Makhleb
Nemelex Xobeh
Ru
Sif Muna
Trog
Uskayaw
Wu Jian
Xom
Yredelemnul
Zin
Lugonu

Shops:
D:4 =   D:5 :

Portals:
Abyss: D:8

Annotations:
D:8 2 runed translucent doors
D:9 6 transporters


Innate Abilities, Weirdness & Mutations

((You are very nimble when in or above water. (Stealth+, EV+, Speed+++)))
Your lower body shifts to a powerful aquatic tail in water.


Message History

The ice devil hits you but does no damage.
A kobold demonologist comes into view. It is wielding a +0 dagger.
You closely miss the ice devil.
You feel sick.
The kobold throws a poisoned dart.
The poisoned dart hits you!
You are more poisoned.
The kobold demonologist mumbles some strange words.
You barely miss the ice devil.
You feel sick. The ice devil hits you. The ice devil freezes you. You resist.
The kobold throws a poisoned dart.
The poisoned dart hits you!
You are more poisoned.
You slash the ice devil!
The ice devil is lightly wounded.
You feel very sick. The ice devil hits you. The ice devil freezes you.
You resist.
The kobold demonologist looks encouraged for a moment.
The kobold demonologist looks satisfied for a moment.
You feel very sick.
The sun demon hits you but does no damage.
The ice devil hits you. The ice devil freezes you. You resist.
The kobold demonologist begins to cast a cantrip, but forgets the words!
The kobold demonologist looks satisfied for a moment.
The sun demon hits you but does no damage.
As you read the scroll of teleportation, it crumbles to dust.
You feel strangely unstable.
You feel very sick. The ice devil misses you.
The sun demon hits you but does no damage.
The kobold demonologist begins to cast a cantrip, but forgets the words!
Unknown command.
You feel very sick. The ice devil hits you. The ice devil freezes you.
You resist.
* * * LOW HITPOINT WARNING * * *
The kobold demonologist gestures wildly while chanting.
You feel sick.
Your skin crawls.
You feel strong-willed.
You feel sick. The sun demon hits you!
* * * LOW HITPOINT WARNING * * *
You are engulfed in flames!
You die...

#. ...# ##.K ...#
...K######..#
.§..KKK.K...#
§§§§≈§≈§≈...#
.≈§§K...55...# .
#.≈§≈≈≈≈≈5≈...# .
#.≈.≈...≈.4...#
.#####.≈K≈._.≈.3@..#
.......≈.....≈.≈...#
...>..$≈.≈≈≈≈≈.≈...#
.......≈.?.....≈...#####
.......≈§§≈≈≈≈≈≈.........
.........................
...............##...###..
...........######...# .
...........# #...#


You could see a sun demon (summoned), an ice devil (summoned), 3 kobold
demonologists, a kobold brigand, 2 crimson imps, a shadow imp (summoned) and 3
kobolds.

Vanquished Creatures
  3 two-headed ogres
  Maurice (D:8)
  A gargoyle (D:9)
  Grinder (D:6)
  A hornet (D:8)
  Sigmund (D:5)
  2 wyverns (D:7)
  14 yaks (D:9)
  2 steam dragons
  Grum (D:8)
  Menkaure (D:5)
  2 water moccasins
  10 orc warriors
  3 black bears
  3 sky beasts
  An ice beast (D:6)
  3 ogres
  3 wolves (D:8)
  3 centaurs
  A phantom (D:6)
  2 kobold brigands
  A gnoll sergeant (D:7)
  2 necrophages (D:6)
  3 bullfrogs
  6 scorpions
  7 wights
  5 killer bees (D:8)
  A howler monkey (D:8)
  A jelly (D:7)
  4 orc priests
  2 gnoll boudas (D:9)
  4 hounds (D:5)
  Crazy Yiuf (D:5)
  14 orc wizards
  10 gnolls
  10 adders
  A shadow imp (D:7)
  2 white imps
  4 ufetubi
  3 worms
  A dart slug (D:3)
  42 orcs
  3 ball pythons
  4 endoplasms
  2 giant cockroaches (D:3)
  11 goblins
  7 hobgoblins
  4 jackals (D:1)
  10 kobolds
  4 quokkas
  2 bats
  A frilled lizard (D:3)
  4 rats
235 creatures vanquished.

Notes
Turn   | Place    | Note
-------+----------+-------------------------------------------
     0 | D:1      | jejorda2 the Merfolk Berserker began the quest for the Orb.
     0 | D:1      | Reached XP level 1. HP: 18/18 MP: 1/1
   372 | D:1      | Reached XP level 2. HP: 22/24 MP: 2/2
  1328 | D:2      | Found a sacrificial altar of Ru.
  1459 | D:2      | Reached XP level 3. HP: 28/29 MP: 3/3
  1760 | D:2      | Reached skill level 5 in Polearms
  1893 | D:3      | Reached ** piety under Trog
  1959 | D:3      | Found a sparkling altar of Nemelex Xobeh.
  1984 | D:3      | Reached XP level 4. HP: 37/37 MP: 4/4
  2036 | D:3      | Found a white marble altar of Elyvilon.
  2070 | D:3      | Found an ornate altar of the Wu Jian Council.
  2216 | D:3      | Reached XP level 5. HP: 35/42 MP: 5/5
  2249 | D:3      | Reached skill level 6 in Polearms
  2805 | D:4      | Found Meitoq's Jewellery Shop.
  2911 | D:4      | Reached XP level 6. HP: 44/49 MP: 6/6
  3128 | D:4      | Found a blossoming altar of Fedhas.
  3182 | D:4      | Reached skill level 7 in Polearms
  3332 | D:5      | Entered Level 5 of the Dungeon
  3347 | D:5      | Reached skill level 5 in Fighting
  3495 | D:5      | Found a burning altar of Makhleb.
  3505 | D:5      | Noticed Menkaure
  3511 | D:5      | Reached XP level 7. HP: 54/56 MP: 7/7
  3513 | D:5      | Killed Menkaure
  3514 | D:5      | Reached skill level 8 in Polearms
  3580 | D:5      | Noticed Sigmund
  3594 | D:5      | Killed Sigmund
  3727 | D:5      | Reached skill level 9 in Polearms
  3728 | D:5      | Reached XP level 8. HP: 63/64 MP: 8/8
  3797 | D:5      | Found a runed translucent door.
  3798 | D:5      | Noticed Crazy Yiuf
  3810 | D:5      | Killed Crazy Yiuf
  3983 | D:5      | Found Wiufoet's Book Boutique.
  4389 | D:6      | Reached skill level 10 in Polearms
  4550 | D:6      | Found a hide-covered altar of Uskayaw.
  4704 | D:6      | Reached skill level 11 in Polearms
  5010 | D:6      | Reached XP level 9. HP: 31/69 MP: 9/9
  5270 | D:6      | Found a hazy altar of Hepliaklqana.
  5301 | D:6      | Reached skill level 12 in Polearms
  5447 | D:6      | Noticed Grinder
  5454 | D:6      | Killed Grinder
  5455 | D:6      | Reached skill level 5 in Armour
  5512 | D:6      | Reached skill level 13 in Polearms
  5545 | D:6      | Reached *** piety under Trog
  5826 | D:4      | Bought an amulet of faith for 520 gold pieces
  5902 | D:7      | Found a basalt altar of Yredelemnul.
  6112 | D:7      | Reached skill level 14 in Polearms
  6270 | D:7      | Reached XP level 10. HP: 76/76 MP: 10/10
  6534 | D:7      | Found an opulent altar of Gozag.
  6536 | D:7      | Found a shimmering altar of Xom.
  6536 | D:7      | Found a glowing silver altar of Zin.
  6538 | D:7      | Found a shimmering blue altar of Sif Muna.
  6538 | D:7      | Found a shimmering altar of Xom.
  6538 | D:7      | Found a shimmering blue altar of Sif Muna.
  6742 | D:7      | Reached skill level 1 in Throwing
  6950 | D:7      | Found a staircase to the Ecumenical Temple.
  7295 | D:8      | Found a shadowy altar of Dithmenos.
  7311 | D:8      | Found a sacrificial altar of Ru.
  7311 | D:8      | Found an ancient bone altar of Kikubaaqudgha.
  7522 | D:8      | Found a staircase to the Lair.
  7584 | D:8      | Found a large runed translucent door.
  7584 | D:8      | Found a large runed translucent door.
  7585 | D:8      | Found a corrupted altar of Lugonu.
  7585 | D:8      | Noticed a purple ugly thing
  7585 | D:8      | Noticed a cyan ugly thing
  7587 | D:8      | Noticed a kobold demonologist
  7597 | D:8      | Found a bloodstained altar of Trog.
  7724 | D:8      | Found a one-way gate to the infinite horrors of the Abyss.
  7773 | D:8      | Noticed Grum
  7796 | D:8      | Killed Grum
  7797 | D:8      | Reached skill level 15 in Polearms
  7995 | D:8      | Noticed a two-headed ogre
  8001 | D:8      | Killed a two-headed ogre
  8002 | D:8      | Reached skill level 5 in Dodging
  8130 | D:8      | Noticed Maurice
  8144 | D:8      | Killed Maurice
  8145 | D:8      | Reached skill level 16 in Polearms
  8613 | D:9      | Found a flagged portal.
  8625 | Bailey   | Entered a bailey
  8750 | Bailey   | Reached **** piety under Trog
  8791 | Bailey   | Reached XP level 11. HP: 68/81 MP: 11/11
  8941 | Bailey   | Identified the +5 scale mail of Intuition {+Inv rC+++
                  | Dex-4}
  8946 | Bailey   | Identified the +1 kite shield of the Everdark {Harm Dex+4}
  9151 | D:10     | Entered Level 10 of the Dungeon
  9378 | D:9      | Found an opulent altar of Gozag.
  9407 | D:9      | Noticed a two-headed ogre
  9420 | D:9      | Killed a two-headed ogre
  9421 | D:9      | Reached skill level 17 in Polearms
  9731 | D:9      | Found a transporter.
  9739 | D:9      | Found a transporter.
  9790 | D:9      | Found a transporter.
  9795 | D:9      | Found a transporter.
 10036 | D:9      | Noticed a two-headed ogre
 10047 | D:9      | Killed a two-headed ogre
 10236 | D:9      | Found a transporter.
 10254 | D:9      | Reached skill level 18 in Polearms
 10373 | D:9      | Found a transporter.
 10750 | D:9      | You fall into a shaft and drop 1 floor!
 10846 | D:10     | Found a shimmering blue altar of Sif Muna.
 10867 | D:10     | Noticed a sun demon
 10873 | D:10     | Slain by a sun demon

Illustrated notes

Levels and vault maps discovered:
D:1:      dpeg_arrival_pits, layout_basic
D:2:      kennysheep_the_goblin_king, layout_loops_corners, basic_altar
D:3:      layout_loops_ring, mainiacjoe_overflow_alcove_1,
          mainiacjoe_overflow_small_starburst, nzn_wu_jian_contemplation
D:4:      layout_rooms, mainiacjoe_overflow_surrounded_room, serial_shops, shop
D:5:      layout_basic, mainiacjoe_overflow_boulevard, serial_shops,
          nicolae_shop_temple_entry_statues_fountains, uniq_menkaure,
          uniq_crazy_yiuf_cottage, uniq_sigmund
D:6:      cheibrodos_barr_body, layout_loops_corners, pf_just_have_faith,
          nicolae_uskayaw_dance_studio, uniq_grinder
D:7:      layout_layer_cave, doesnt_xom_only_xom, amcnicky_altar_gilded,
          temple_hall, grunt_ministairs_12
D:8:      due_chaos_kobolds, layout_cave_pods, mainiacjoe_overflow_tiny_flanked,
          kennysheep_little_box, gammafunk_temple_overflow_pools,
          lair_entry_dummy, uniq_maurice, uniq_grum
D:9:      layout_cave_pods, general_overflow_altar, enter_bailey_2,
          serial_nicolae_subway, nicolae_sub_station_metal,
          nicolae_sub_station_crystal, nicolae_sub_station_stone
D:10:     layout_long_grid, zin_treasury,
          mainiacjoe_overflow_concentric_impassable

Skill      XL: |  1  2  3  4  5  6  7  8  9 10 11 |
---------------+----------------------------------+-----
Polearms       | 5 6 7 9 11 14 16 18 | 18.3
Armour         | 2 3 4 5 6 |  6.0
Fighting       | 4 5 6 |  6.0
Dodging        | 6 9 |  9.0
Throwing       | 2 |  2.5

Action                   |  1- 3 |  4- 6 |  7- 9 | 10-12 || total
-------------------------+-------+-------+-------+-------++-------
Melee: Spear             |   107 |   149 |       |       ||   256
       Trident           |       |    35 |    13 |       ||    48
       Punch             |       |     1 |       |       ||     1
       Halberd           |       |       |   240 |    94 ||   334
       Glaive            |       |       |       |   253 ||   253
Throw: Stone             |       |     4 |     2 |       ||     6
       Dart              |       |       |       |    17 ||    17
Invok: Berserk           |     1 |     2 |     5 |     6 ||    14
       Trog's Hand       |       |     1 |     4 |     6 ||    11
       Brothers in Arms  |       |       |       |     1 ||     1
  Use: Scroll            |       |       |    20 |     4 ||    24
       Potion            |       |       |       |     1 ||     1
Armor: Ring mail         |    23 |       |       |       ||    23
       Skin              |     1 |       |       |       ||     1
       Scale mail        |       |    26 |       |    35 ||    61
       Chain mail        |       |    49 |   125 |    58 ||   232
Dodge: Dodged            |    39 |    61 |    61 |   177 ||   338

Table legend: (Time is in decaauts)
 A = Elapsed time spent in this place.
 B = Non-inter-level travel time spent in this place.
 C = Inter-level travel time spent in this place.
 D = Time resting spent in this place.
 E = Time spent auto-exploring this place.
 F = Levels seen in this place.
 G = Mean time per level.
                   A        B        C        D        E       F      G
               +--------+--------+--------+--------+--------+-----+--------+
         Total |  10862 |  10208 |    654 |    960 |   7498 |  11 |  987.5 |
       Dungeon |  10383 |   9729 |    654 |    865 |   7311 |  10 | 1038.3 |
        Bailey |    478 |    478 |      0 |     94 |    187 |   1 |  478.0 |
               +--------+--------+--------+--------+--------+-----+--------+

Top non-repeatable levels by time:
     D:9: 1638 daAuts
     D:6: 1413 daAuts
     D:8: 1403 daAuts
     D:7: 1358 daAuts
     D:5: 1058 daAuts
     D:2: 1003 daAuts
     D:1: 919 daAuts
     D:3: 862 daAuts
     D:4: 600 daAuts
  Bailey: 478 daAuts
    D:10: 125 daAuts
